 Dungeon Crawl Stone Soup version 0.25.1-2-g60ff931df9 (webtiles) character file.

Game seed: 4049211705366492861

77 hawla the Stinger (level 4, -1/33 HPs)
             Began as a Draconian Venom Mage on Nov 12, 2020.
             Slain by a phantom (7 damage)
             ... on level 3 of the Dungeon.
             The game lasted 00:07:15 (3262 turns).

hawla the Stinger (Draconian Venom Mage)            Turns: 3262, Time: 00:07:16

Health: -1/33      AC:  6    Str: 16    XL:     4   Next: 14%
Magic:  6/7        EV: 12    Int: 16    God:
Gold:   68         SH:  0    Dex: 12    Spells: 4/7 levels left

rFire    . . .     SeeInvis .   l - +0 hand axe
rCold    . . .     Gourm    .   (no shield)
rNeg     . . .     Faith    .   (armour unavailable)
rPois    .         Spirit   .   (helmet restricted)
rElec    .         Reflect  .   (no cloak)
rCorr    .         Harm     .   h - +0 pair of gloves
MR       .....                  (no boots)
Stlth    ++........             (no amulet)
HPRegen  0.11/turn              c - +6 ring of strength
MPRegen  0.10/turn              (no ring)

@: flying
A: unfitting armour, stinger 1, blurry vision 1, cold-blooded, AC +5
a: no special abilities


You were on level 3 of the Dungeon.
You were hungry.

You visited 1 branch of the dungeon, and saw 3 of its levels.

You collected 68 gold pieces.

Inventory:

Hand Weapons
 l - a +0 hand axe (weapon)
Armour
 h - a +0 pair of gloves (worn)
Jewellery
 c - a +6 ring of strength (left hand)
Scrolls
 f - a scroll of enchant weapon {unknown}
 g - 2 scrolls of teleportation
 k - 2 scrolls of identify
Potions
 a - a potion of cancellation
 i - a potion of flight
Comestibles
 b - 7 rations


   Skills:
 - Level 1.7 Dodging
 - Level 1.7 Stealth
 - Level 2.0 Spellcasting
 + Level 2.6 Transmutations
 + Level 1.4 Air Magic
 + Level 3.9 Poison Magic


You had 4 spell levels left.
You knew the following spells:

 Your Spells              Type           Power        Failure   Level  Hunger
a - Sting                 Tmut/Pois      ##..         5%          1    #......
b - Poisonous Vapours     Pois/Air       ##....       11%         2    ###....

Your spell library contained the following spells:

 Spells                   Type           Power        Failure   Level  Hunger
 Ignite Poison            Fire/Tmut/Pois #.......     26%         3    ###....
 Mephitic Cloud           Conj/Pois/Air  #.......     30%         3    ###....
 Olgreb's Toxic Radiance  Pois           ##......     38%         4    #####..


Dungeon Overview and Level Annotations

Branches:
Dungeon (3/15)

Altars:


Innate Abilities, Weirdness & Mutations

Your plain brown scales are hard. (AC +5)
You cannot fit into any form of body armour.
You are cold-blooded and may be slowed by cold attacks.
Your tail ends in a poisonous barb.
Scrolls take you a little longer to read.


Message History

It was a potion of magic.
Magic courses through your body.
The phantom blinks!
It was a potion of mutation.
You feel extremely strange.
Your vision blurs.
A poisonous barb forms on the end of your tail.
It was a potion of flight.
You feel very buoyant.
You fly up into the air.
The phantom is too close now for your liking.
Casting: Sting (safe; 5% risk of failure)
Confirm with . or Enter, or press ? or * to list all spells.
Aiming: Sting (safe; 5% risk of failure)
Press: ? - help, Shift-Dir - straight line, f/p - phantom
Aim: a phantom (severely damaged)
The sting hits the phantom but does no damage.
The phantom is severely damaged.
Your magical contamination has completely faded away.
You barely miss the phantom.
The phantom is severely damaged.
The phantom hits you!
You die...

... #...###'######
#.##+##.##....###########
.........................
.#.#.#.##.###...........
#.....#.# #...........
#.#####.# #...........
#.....#.# #...........
#.###.#.###...........
#.!..@W...+...........
#####.#.###...........
..#...#........... ####
.#...........
#........... #...........
#...........
#####รท###### #.#


You could see a phantom.

Vanquished Creatures
  4 adders (D:2)
  4 giant cockroaches
  6 goblins (D:1)
  4 hobgoblins
  9 kobolds
  6 bats
  A frilled lizard (D:1)
  6 rats
40 creatures vanquished.

Notes
Turn   | Place    | Note
-------+----------+-------------------------------------------
     0 | D:1      | hawla the Draconian Venom Mage began the quest for the Orb.
     0 | D:1      | Reached XP level 1. HP: 14/14 MP: 3/3
   213 | D:1      | Reached XP level 2. HP: 20/20 MP: 1/5
   217 | D:1      | Learned a level 2 spell: Poisonous Vapours
  1690 | D:2      | Reached XP level 3. HP: 26/26 MP: 0/6
  1978 | D:2      | Reached skill level 1 in Air Magic
  2095 | D:2      | Reached XP level 4. HP: 11/33 MP: 0/7
  2717 | D:2      | Found a faded altar of an unknown god.
  3198 | D:3      | Noticed a phantom
  3257 | D:3      | Gained mutation: Scrolls take you a little longer to read.
                  | [potion of mutation]
  3257 | D:3      | Gained mutation: Your tail ends in a poisonous barb.
                  | [potion of mutation]
  3262 | D:3      | Slain by a phantom

Illustrated notes

Levels and vault maps discovered:
D:1:      ebering_trefoil_3fold, layout_loops_ring, serial_forest,
          infiniplex_forest_clump_double, infiniplex_forest_fountain,
          infiniplex_forest_lined_corner, infiniplex_forest_clump_medium,
          infiniplex_forest_clump_long, kennysheep_minor_cross,
          nrook_loot_triangle, minmay_fountain_box
D:2:      minmay_wonky_spiral, layout_basic, chequers_ecumenical_altar_simple
D:3:      layout_basic, first_ration, minmay_misc_feat_doors

Skill      XL: |  1  2  3 |
---------------+----------+-----
Transmutations | 2 |  2.6
Air Magic      | 1 |  1.4
Dodging        | |  1.7
Stealth        | |  1.7
Spellcasting   | |  2.0
Poison Magic   | |  3.9

Action                   |  1- 3 |  4- 6 || total
-------------------------+-------+-------++-------
Melee: Unarmed           |    24 |     8 ||    32
       Tailslap          |     5 |     4 ||     9
       Hand axe          |       |    22 ||    22
 Cast: Sting             |    31 |    18 ||    49
       Poisonous Vapours |    21 |     9 ||    30
  Use: Scroll            |     5 |       ||     5
       Potion            |       |     4 ||     4
  Eat: Chunk             |     6 |     4 ||    10
Armor: Skin              |    28 |     7 ||    35
Dodge: Dodged            |    33 |    15 ||    48
